 Dungeon Sprint DCSS version 0.27-a0-695-gb4952372f7 (webtiles) character file.

Game seed: 688113754455537446

494 mhtbhm the Basher (level 7, 0/48 HPs)
             Began as a Gargoyle Fighter on Mar 21, 2021.
             Was a Follower of Okawaru.
             Killed from afar by an efreet (28 damage)
             ... with a fireball
             ... in the Dungeon (Sprint IX: "|||||||||||||||||||||||||||||").
             The game lasted 00:01:01 (384 turns).

mhtbhm the Basher (Gargoyle Fighter)                 Turns: 384, Time: 00:01:01

Health: 0/48       AC: 21    Str: 24    XL:     7   Next: 15%
Magic:  7/7        EV:  7    Int:  9    God:    Okawaru [*.....]
Gold:   0          SH: 11    Dex:  9    Spells: 6/6 levels left

rFire    . . .     SeeInvis .   a - +0 flail
rCold    . . .     Faith    .   c - +0 kite shield
rNeg     + . .     Spirit   .   b - +1 chain mail
rPois    ∞         Reflect  .   (no helmet)
rElec    +         Harm     .   m - +0 cloak
rCorr    .         Rampage  .   n - +0 pair of gloves
Will     .....     NoTele   +   (no boots)
Stlth    ..........             (no amulet)
HPRegen  0.16/turn              p - +2 ring of protection
MPRegen  0.10/turn              o - +3 ring of strength

@: mighty
A: AC +4, negative energy resistance 1, electricity resistance, torment
resistance 1, unbreathing 1, petrification resistance
a: Renounce Religion, Heroism


You were in the Dungeon.
You worshipped Okawaru.
Okawaru was aware of your devotion.
You visited 1 branch

Inventory:

Hand Weapons
 a - a +0 flail (weapon)
Armour
 b - a +1 chain mail (worn)
 c - a +0 kite shield (worn)
 m - a +0 cloak (worn)
 n - a +0 pair of gloves (worn)
Jewellery
 o - a +3 ring of strength (left hand)
 p - a +2 ring of protection (right hand)
Wands
 l - a wand of iceblast (10)
Scrolls
 j - 2 scrolls of blinking
 k - 2 scrolls of amnesia
Potions
 e - 5 potions of curing
 f - a potion of invisibility
 g - a potion of haste
 h - 4 potions of magic
 i - a potion of heal wounds


   Skills:
 + Level 7.9 Fighting
 + Level 8.8 Maces & Flails
 + Level 8.1 Armour
 + Level 1.6 Dodging
 + Level 0.5 Stealth
 + Level 8.7 Shields


You had 6 spell levels left.
You didn't know any spells.
Your spell library was empty.

Dungeon Overview and Level Annotations

Branches:
Dungeon (1/1)

Altars:
Cheibriados
Dithmenos
Elyvilon
Fedhas
Gozag
Hepliaklqana
Kikubaaqudgha
Makhleb
Nemelex Xobeh
Okawaru
Qazlal
Ru
Sif Muna
Trog
Uskayaw
Vehumet
Wu Jian
Xom
Yredelemnul
Zin
The Shining One
Beogh
Jiyva
Lugonu


Innate Abilities, Weirdness & Mutations

Your stone body is resilient. (AC +4)
You are immune to poison.
You resist negative energy. (rN+)
You are resistant to electric shocks. (rElec)
You are resistant to unholy torment.
You can survive without breathing.
You are immune to petrification.


Message History

The slime creature barely misses you. The slime creature hits you.
You sock the slime creature!
The slime creature is moderately wounded.
The slime creature barely misses you.
You sock the slime creature!
The slime creature is heavily wounded.
The slime creature hits you.
You hit the slime creature.
The slime creature is severely wounded.
The slime creature hits you but does no damage.
You sock the slime creature!
The slime creature is almost dead.
The slime creature hits you.
You barely miss the slime creature.
The slime creature is severely wounded.
The slime creature hits you!
You sock the slime creature!
The slime creature is almost dead.
You block the slime creature's attack.
The slime creature hits you but does no damage.
You sock the slime creature!
You kill the slime creature!
Okawaru is honoured by your kill.
You can now gain great but temporary skills.
Your Maces & Flails skill gained 2 levels and is now at level 8!
Your Armour skill increases to level 8!
You have reached level 7!
Okay, then.
You sock the efreet!
The efreet is moderately wounded.
The efreet hits you but does no damage.
You sock the efreet!
The efreet is heavily wounded.
The efreet hits you but does no damage.
Your chain mail prevents you from hitting the efreet.
The efreet is heavily wounded.
The efreet gestures at you.
The fireball explodes!
The fireball engulfs you!!
Ouch! That really hurt!
You die...

▓.▓
▓B▓
▓C▓
▓c▓
▓.▓
▓W▓
▓R▓
▓@▓
▓.▓
▓.▓
▓.▓
▓.▓
▓)▓
▓)▓
▓.▓
▓.▓


You could see a cyclops, an efreet, a wraith, a centaur and a worker ant.

Vanquished Creatures
  A slime creature (D)
  A centaur (D)
  A phantom (D)
  A gnoll sergeant (D)
  An orc wizard (D)
  2 worker ants (D)
  A white imp (D)
  A leopard gecko (D)
  An orc (D)
  A giant cockroach (D)
  A goblin (D)
  A hobgoblin (D)
  A jackal (D)
  A quokka (D)
  A frilled lizard (D)
  A kobold (D)
17 creatures vanquished.

Notes
Turn   | Place    | Note
-------+----------+-------------------------------------------
     0 | D        | mhtbhm the Gargoyle Fighter began the quest for the Orb.
     0 | D        | Reached XP level 1. HP: 14/14 MP: 1/1
    18 | D        | Noticed a worker ant
    18 | D        | Noticed a phantom
    32 | D        | Killed a phantom
    33 | D        | Reached skill level 5 in Fighting
    33 | D        | Reached skill level 5 in Armour
    33 | D        | Reached skill level 5 in Shields
    33 | D        | Reached XP level 2. HP: 22/22 MP: 2/2
    33 | D        | Reached XP level 3. HP: 27/27 MP: 3/3
    33 | D        | Reached XP level 4. HP: 32/32 MP: 4/4
    55 | D        | Found a snail-covered altar of Cheibriados.
    55 | D        | Found a shadowy altar of Dithmenos.
    55 | D        | Found a white marble altar of Elyvilon.
    55 | D        | Found a blossoming altar of Fedhas.
    55 | D        | Found an opulent altar of Gozag.
    56 | D        | Found a hazy altar of Hepliaklqana.
    57 | D        | Found a viscous altar of Jiyva.
    58 | D        | Found an ancient bone altar of Kikubaaqudgha.
    59 | D        | Found a corrupted altar of Lugonu.
    60 | D        | Found a burning altar of Makhleb.
    61 | D        | Found a sparkling altar of Nemelex Xobeh.
    62 | D        | Found an iron altar of Okawaru.
    63 | D        | Found a stormy altar of Qazlal.
    64 | D        | Found a sacrificial altar of Ru.
    65 | D        | Found a shimmering blue altar of Sif Muna.
    66 | D        | Found a bloodstained altar of Trog.
    67 | D        | Found a hide-covered altar of Uskayaw.
    68 | D        | Found a radiant altar of Vehumet.
    69 | D        | Found an ornate altar of the Wu Jian Council.
    70 | D        | Found a shimmering altar of Xom.
    72 | D        | Became a worshipper of Warmaster Okawaru
    75 | D        | Found a glowing silver altar of Zin.
    76 | D        | Found a glowing golden altar of the Shining One.
   333 | D        | Noticed a gnoll sergeant
   333 | D        | Noticed a centaur
   340 | D        | Reached XP level 5. HP: 32/37 MP: 5/5
   341 | D        | Killed a centaur
   342 | D        | Reached skill level 5 in Maces & Flails
   351 | D        | Reached skill level 1 in Dodging
   351 | D        | Reached XP level 6. HP: 29/44 MP: 6/6
   370 | D        | Noticed a cyclops
   370 | D        | Noticed a wraith
   370 | D        | Noticed an efreet
   370 | D        | Noticed a slime creature
   381 | D        | Killed a slime creature
   381 | D        | Reached * piety under Okawaru
   382 | D        | Reached XP level 7. HP: 27/48 MP: 7/7
   384 | D        | Killed from afar by an efreet

Illustrated notes

Levels and vault maps discovered:
D:        linesprint [early_d, line_temple, items_1, d_10, items_2, lair_1,
          lair_end, items_3, orc_1, orc_end, items_4, d_15, swamp_1, shoals_1,
          snake_1, spider_1, d_20, vaults_1, items_5, swamp_end, shoals_end,
          snake_end, spider_end, vaults_end, d_27, items_6, zot_1, zot_end,
          crypt_end, forest_end, elf_end, slime_end, tomb_end, abyss_end,
          pan_hell_end]

Skill      XL: |  1  2  3  4  5  6 |
---------------+-------------------+-----
Fighting       | 5 6 7 |  7.9
Maces & Flails | 3 4 6 8 |  8.8
Armour         | 5 6 7 8 |  8.1
Shields        | 5 6 7 8 |  8.7
Dodging        | 1 |  1.6
Stealth        | |  0.5

Action                   |  1- 3 |  4- 6 |  7- 9 || total
-------------------------+-------+-------+-------++-------
Melee: Flail             |    20 |    54 |     3 ||    77
  Use: Potion            |     2 |     2 |       ||     4
Armor: Scale mail        |     7 |     5 |       ||    12
       Chain mail        |       |    14 |     2 ||    16
Dodge: Dodged            |     5 |    17 |       ||    22
Block: Kite shield       |    11 |    23 |       ||    34

Table legend: (Time is in decaauts)
 A = Elapsed time spent in this place.
 B = Non-inter-level travel time spent in this place.
 C = Inter-level travel time spent in this place.
 D = Time resting spent in this place.
 E = Time spent auto-exploring this place.
 F = Levels seen in this place.
 G = Mean time per level.
                   A        B        C        D        E       F      G
               +--------+--------+--------+--------+--------+-----+--------+
         Total |    415 |    415 |      0 |    204 |      0 |   1 |  415.0 |
       Dungeon |    415 |    415 |      0 |    204 |      0 |   1 |  415.0 |
               +--------+--------+--------+--------+--------+-----+--------+

Top non-repeatable levels by time:
       D: 415 daAuts
